 Dungeon Crawl Stone Soup version 0.29-a0-459-g97dee8cd24 (webtiles) character file.

Game seed: 9884424586189726538

1528 LostInTranslocation the Fighter (level 8, -13/75 HPs)
             Began as a Palentonga Gladiator on May 21, 2022.
             Was an Initiate of Ru.
             Killed from afar by Pikel (30 damage)
             ... with a bolt of acid
             ... on level 6 of the Dungeon.
             The game lasted 00:21:02 (7086 turns).

LostInTranslocation the Fighter (PaGl)              Turns: 7086, Time: 00:21:02

Health: -13/75     AC: 13    Str: 20    XL:     8   Next: 55%
Magic:  8/8        EV: 14    Int:  9    God:    Ru [......]
Gold:   327        SH:  0    Dex: 17    Spells: 7/7 levels left

rFire   . . .      SeeInvis +   C - +0 trident (venom)
rCold   . . .      Faith    .   (no shield)
rNeg    . . .      Spirit   .   H - +0 ring mail
rPois   .          Reflect  .   c - +0 helmet
rElec   .          Harm     .   o - +2 cloak
rCorr   .          Rampage  .   (no gloves)
Will    .....                   (no barding)
Stlth   +.........              (no amulet)
HPRegen 0.22/turn               k - +4 ring of evasion
MPRegen 0.11/turn               f - ring of Ipres {+Blink Dex+6 SInv}

@: corroded, curled up
A: large, rugged brown scales 3, see invisible, deformed body, roll 1, armoured
tail, reflexive curl
a: Rolling Charge, Renounce Religion, Evoke Blink


You were on level 6 of the Dungeon.
You worshipped Ru.
Ru was noncommittal.
You visited 2 branches of the dungeon, and saw 7 of its levels.
You also visited: Sewer.

You collected 327 gold pieces.

Inventory:

Hand Weapons
 a - a +0 long sword
 C - a +0 trident of venom (weapon)
Missiles
 d - 2 throwing nets
 n - 124 stones
 s - a javelin
 x - 4 silver javelins
 B - 3 boomerangs (quivered)
 D - a silver boomerang
Armour
 b - a +0 leather armour
 c - a +0 helmet (worn)
 e - a +0 chain mail
 o - a +2 cloak (worn)
 H - a +0 ring mail (worn)
Magical Staves
 r - a staff of fire
Jewellery
 f - the ring of Ipres (right hand) {+Blink Dex+6 SInv}
   (You acquired it on level 4 of the Dungeon)

   [ring of dexterity]

   Dex:       It affects your dexterity (+6).
   SInv:      It lets you see invisible.
   +Blink:    It lets you blink.
 k - a +4 ring of evasion (left hand)
 v - a ring of ice
Wands
 q - a wand of flame (11)
 F - a wand of digging (2)
 G - a wand of iceblast (10)
Scrolls
 h - a scroll of immolation {unknown}
 j - a scroll of noise {unknown}
 p - 2 scrolls of magic mapping
 u - 3 scrolls of identify {unknown}
 y - 3 scrolls of amnesia {unknown}
 E - a scroll of enchant weapon {unknown}
 I - a scroll of blinking {unknown}
Potions
 g - a potion of attraction {unknown}
 i - a potion of magic
 l - a potion of curing {unknown}
 m - a potion of lignification {unknown}
 t - 2 potions of might {unknown}
 w - a potion of brilliance {unknown}
 z - a potion of mutation {unknown}
 A - a potion of haste {unknown}
 J - a potion of cancellation {unknown}


   Skills:
 + Level 9.1 Fighting
 - Level 3.0 Long Blades
 - Level 1.3 Throwing
 - Level 4.1 Armour
 - Level 3.5 Dodging


You had 7 spell levels left.
You didn't know any spells.
Your spell library contained the following spells:

 Spells                   Type           Power      Damage    Failure   Level
 Foxfire                  Conj/Fire      0%         2x1d4     54%         1
 Sting                    Tmut/Pois      0%         1d3       54%         1
 Summon Small Mammal      Summ           0%         N/A       54%         1
 Poisonous Vapours        Pois/Air       0%         N/A       69%         2
 Call Canine Familiar     Summ           0%         N/A       89%         3
 Conjure Flame            Conj/Fire      0%         6-21      89%         3
 Inner Flame              Hex/Fire       0%         N/A       89%         3
 Summon Guardian Golem    Hex/Summ       0%         N/A       89%         3
 Flame Wave               Conj/Fire      0%         2d4       100%        4
 Olgreb's Toxic Radiance  Pois           0%         N/A       100%        4


Dungeon Overview and Level Annotations

Branches:
Dungeon (6/15)             Temple (1/1) D:5           Sewer (visited)

Altars:
Ashenzari
Cheibriados
Dithmenos
Elyvilon
Fedhas
Gozag
Hepliaklqana
Kikubaaqudgha
Makhleb
Nemelex Xobeh
Okawaru
Ru
Sif Muna
Trog
Uskayaw
Vehumet
Wu Jian
Xom
Yredelemnul
Zin
The Shining One

Portals:
Abyss: D:6

Annotations:
D:6 2 transporters, Alvadar's ghost, novice DENe; Pikel


Innate Abilities, Weirdness & Mutations

You are completely covered in rugged brown scales. (AC +3, +7% HP)
You have supernaturally acute eyesight. (SInv)
Armour fits poorly on your strangely shaped body.
You can roll at nearby foes to attack.
You have a long armoured tail.
You curl defensively after being hit. (AC +7*)


Message History

The lemure barely misses you.
A lemure comes into view.
Okay, then.
Okay, then.
Okay, then.
You closely miss the shadow imp.
The lemure shouts!
The shadow imp barely misses you.
You closely miss Pikel. You tail-slap Pikel, but do no damage.
Pikel hits you but does no damage.
The shadow imp laughs crazily.
You hit Pikel.
Pikel is poisoned.
Pikel is lightly wounded.
Pikel zaps a wand.
The bolt of acid misses you. The lemure closely misses you.
You miss Pikel.
Your tail-slap misses Pikel.
Pikel is lightly wounded.
Pikel zaps a wand.
The bolt of acid misses you. The lemure barely misses you.
The lemure misses you. Pikel barely misses you.
You barely miss Pikel.
Pikel is lightly wounded.
Pikel hits you with a +2 whip of freezing!
Pikel freezes you. The lemure barely misses you.
You completely miss Pikel.
Pikel is lightly wounded.
Pikel zaps a wand.
The bolt of acid hits you!!!
Ouch! That really hurt!
* * * LOW HITPOINT WARNING * * *
The acid corrodes you! The lemure barely misses you.
It was a potion of magic.
Magic courses through your body.
Pikel hits you with a +2 whip of freezing.
* * * LOW HITPOINT WARNING * * *
Pikel freezes you.
* * * LOW HITPOINT WARNING * * *
The lemure barely misses you. The lemure attacks as you move away!
The lemure misses you.
The shadow imp laughs crazily.
The kobold brigand shouts!
Found a one-way gate to the infinite horrors of the Abyss.
Pikel zaps a wand.
The bolt of acid hits you!!
You die...

#.#..#...........
#..W#.....######
..#$#.##.....# .#
# ##...5##
#...5.##
∩##..#55######
#...4K#©.##5.....#
..#####...###K...#
#....@.....#
......####...#
........##.###
.............#
###.##.......#
#.......#
......###.######
..###.###......# #
#....###...#


You could see a hellwing, Pikel (poisoned) and a kobold brigand.

Vanquished Creatures
  A water moccasin (D:6)
  An ice beast (D:5)
  2 black bears
  An ogre (D:5)
  A centaur (D:5)
  2 bullfrogs (Sewer)
  2 necrophages
  3 scorpions
  An orc priest (D:5)
  3 hounds (D:5)
  2 jellies
  Terence (D:2)
  3 iguanas
  An orc wizard (D:4)
  9 adders
  4 ufetubi
  2 worms
  8 dart slugs
  11 orcs
  5 bats
  6 endoplasms
  5 giant cockroaches
  6 hobgoblins
  22 jackals
  6 kobolds
  9 quokkas
  5 ball pythons
  15 frilled lizards
  3 goblins
  8 rats
148 creatures vanquished.

Vanquished Creatures (others)
  A plant (D:2)
1 creature vanquished.

Grand Total: 149 creatures vanquished

Notes
Turn   | Place    | Note
-------+----------+-------------------------------------------
     0 | D:1      | LostInTranslocation the Palentonga Gladiator began the
                  | quest for the Orb.
     0 | D:1      | Reached XP level 1. HP: 17/17 MP: 1/1
   153 | D:1      | Reached XP level 2. HP: 20/24 MP: 2/2
   164 | D:1      | Reached skill level 3 in Fighting
   857 | D:1      | Reached XP level 3. HP: 27/31 MP: 3/3
  1756 | D:2      | Reached skill level 4 in Fighting
  1787 | D:2      | You fall into a shaft and drop 2 floors!
  1819 | D:4      | Noticed a scorpion
  1827 | D:4      | Identified a scroll of acquirement
  1827 | D:4      | Acquired the ring of Ipres {+Blink Dex+6 SInv}
  1829 | D:4      | Killed a scorpion
  1830 | D:4      | Reached skill level 5 in Fighting
  1830 | D:4      | Reached XP level 4. HP: 41/41 MP: 4/4
  2060 | D:3      | Found a glowing drain.
  2074 | Sewer    | Entered a sewer
  2096 | Sewer    | Reached XP level 5. HP: 43/47 MP: 5/5
  2583 | Sewer    | Reached XP level 6. HP: 42/55 MP: 6/6
  3150 | D:2      | Noticed Terence
  3167 | D:2      | Killed Terence
  3168 | D:2      | Reached skill level 6 in Fighting
  3653 | D:3      | Found a faded altar of an unknown god.
  4399 | D:4      | Found a hide-covered altar of Uskayaw.
  4409 | D:4      | Found an opulent altar of Gozag.
  4423 | D:4      | Found a shimmering altar of Xom.
  4426 | D:4      | Found a snail-covered altar of Cheibriados.
  4494 | D:4      | Reached skill level 1 in Armour
  5307 | D:5      | Entered Level 5 of the Dungeon
  5307 | D:5      | Noticed an ice beast
  5530 | D:5      | Gained mutation: You curl defensively after being hit. (AC
                  | +7*) [Palentonga growth]
  5530 | D:5      | Reached XP level 7. HP: 62/62 MP: 7/7
  5623 | D:5      | Found a burning altar of Makhleb.
  6080 | D:5      | Found an ornate altar of the Wu Jian Council.
  6234 | D:5      | Reached skill level 7 in Fighting
  6426 | D:5      | Found a staircase to the Ecumenical Temple.
  6431 | Temple   | Entered the Ecumenical Temple
  6480 | Temple   | Became a worshipper of Ru the Awakened
  6539 | D:5      | Reached XP level 8. HP: 60/71 MP: 8/8
  6665 | D:5      | Found a basalt altar of Yredelemnul.
  6847 | D:6      | Noticed Pikel
  6899 | D:6      | Reached skill level 8 in Fighting
  7037 | D:6      | Found a transporter.
  7037 | D:6      | Found a transporter.
  7051 | D:6      | Reached skill level 9 in Fighting
  7053 | D:6      | Noticed a hellwing
  7054 | D:6      | Noticed Alvadar's ghost (novice DENe)
  7086 | D:6      | Found a one-way gate to the infinite horrors of the Abyss.
  7086 | D:6      | Killed from afar by Pikel

Illustrated notes

Levels and vault maps discovered:
D:1:      dpeg_arrival_oval, layout_basic, amcnicky_mini_rare_corridor_liquid
D:2:      layout_basic, guppyfry_early_lair_pool, uniq_terence
D:3:      layout_basic, ebering_ecumenical_altar_abandoned,
          portal_sewer_entry_d, hangedman_decor_points, minmay_misc_feat_cross,
          bh_walls_and_bars
D:4:      layout_gridville, grunt_temple_overflow_cloverleaf
D:5:      layout_basic, marbit_many_paths, general_overflow_altar,
          bloody_makhleb, temple_doors_cd, nicolae_zen_rock_garden,
          kennysheep_small_circle
D:6:      layout_rooms, gammafunk_ghost_abyssal_escape,
          dreamdust_princess_bridge, uniq_pikel, uniq_edmund, uniq_sigmund,
          uniq_eustachio
Temple:   zaba_magenta_temple

Skill      XL: |  1  2  3  4  5  6  7  8 |
---------------+-------------------------+-----
Fighting       | 3 5 6 7 9 |  9.1
Dodging        | 3 |  3.5
Armour         | 2 4 |  4.1
Long Blades    | |  3.0
Throwing       | |  1.3

Action                   |  1- 3 |  4- 6 |  7- 9 || total
-------------------------+-------+-------+-------++-------
Melee: Long sword        |   128 |   198 |       ||   326
       Tailslap          |    11 |    29 |    18 ||    58
       Punch             |       |     5 |     2 ||     7
       Trident           |       |    40 |   136 ||   176
Throw: Stone             |       |     4 |       ||     4
       Javelin           |       |     1 |       ||     1
       Throwing net      |       |     1 |       ||     1
 Abil: Rolling Charge    |     3 |       |     1 ||     4
  Use: Scroll            |     2 |     1 |       ||     3
       Potion            |       |       |     1 ||     1
 Stab: Sleeping          |       |     1 |       ||     1
Armor: Leather armour    |    61 |    78 |       ||   139
       Chain mail        |       |    46 |    45 ||    91
       Ring mail         |       |       |    24 ||    24
Dodge: Dodged            |   109 |   239 |   115 ||   463

Table legend: (Time is in decaauts)
 A = Elapsed time spent in this place.
 B = Non-inter-level travel time spent in this place.
 C = Inter-level travel time spent in this place.
 D = Time resting spent in this place.
 E = Time spent auto-exploring this place.
 F = Levels seen in this place.
 G = Mean time per level.
                   A        B        C        D        E       F      G
               +--------+--------+--------+--------+--------+-----+--------+
         Total |   7334 |   7077 |    257 |    675 |   4893 |   8 |  916.8 |
       Dungeon |   6195 |   5946 |    249 |    490 |   4382 |   6 | 1032.5 |
        Temple |     62 |     54 |      8 |      0 |     39 |   1 |   62.0 |
         Sewer |   1076 |   1076 |      0 |    185 |    471 |   1 | 1076.0 |
               +--------+--------+--------+--------+--------+-----+--------+

Top non-repeatable levels by time:
     D:1: 1500 daAuts
     D:4: 1409 daAuts
     D:5: 1350 daAuts
   Sewer: 1076 daAuts
     D:3: 1014 daAuts
     D:2: 711 daAuts
     D:6: 209 daAuts
  Temple: 62 daAuts
